← All builds
Suicide front / Armada / Factory first / OBSERVED BUILD

Standard suicide front

Armada Suicide front build order · Supreme Isthmus

The role's baseline: Bot Lab at 0:21 then straight into reclaim-fed T1 bot production to contest the middle and hold until T2 arrives, with an Advanced Metal Extractor around 9:45.

#rush · 2170 distinct matches · 250 players · 72% of Armada Suicide front games · team won 58% of 2554 · Recently observed

HOW TO PLAY IT

Key timing: Bot Lab by 0:20

  1. Open with mex and lab-first to get Bot Lab up by 0:20.
  2. Expand mex and wind while lab pumps units toward middle.
  3. Push Sentry and early Rocketeer, Centurion to contest middle.
  4. Get T2 constructor out once Pond's boost lets you spare metal.
  5. Upgrade mex to Advanced Metal Extractor as you transition off T1 spam.

Phase by phase

TYPICAL OF ITS 2170 GAMES
  1. 1
  2. 2
  3. 3
PLAY THE OPENING

Follow the example game's first 6:00 step by step: what to build now, what comes next, and where it goes. At 1× it keeps pace with your own game.

  1. 1

    Bot Lab first

    Order
    1. Bot LabBot Lab done ~0:26, middle half 0:20–0:33

    Some games also: mex (46%)

  2. 2

    Bot Lab to 5:00

    Economy
    • Metal Extractor5Mex
    • Wind Turbine4Wind
    Builders
    • Construction Bot3 Con bot
    • Lazarus2 Lazarus
    Army
    • Sentry4 Sentry
    • Rocketeer16 Rocketeer
    • Tick2 Tick
    • Centurion1 Centurion
    Other
    • Radar Tower1 Radar Tower

    Some games also: pawn (39%) · con turret (34%)

    By 5:00 in all: 5 mex · 4 wind

    The example game in this phase · 30 steps
    1. LazarusLazarus ×2
    2. CenturionCenturion
    3. Construction BotCon bot
    4. Mex
    5. SentrySentry
    6. Construction BotCon bot ×2
    7. Mex
    8. CenturionCenturion
    9. Mex
    10. SentrySentry
    11. RocketeerRocketeer
    12. SentrySentry
    13. RocketeerRocketeer ×2
    14. SentrySentry
    15. RocketeerRocketeer
    16. Mex
    17. RocketeerRocketeer
    18. LazarusLazarus
    19. RocketeerRocketeer
    20. Radar TowerRadar Tower
    21. RocketeerRocketeer ×3
    22. BeamerBeamer
    23. RocketeerRocketeer
    24. Construction BotCon bot
    25. OverwatchOverwatch
    26. Wind ×2
    27. Construction BotCon bot
    28. Con turret
    29. Wind
    30. Construction BotCon bot
  3. 3

    5:00 to 10:00

    Economy
    • Metal Extractor1Mex
    • Wind Turbine15Wind
    Builders
    • Construction Turret2 Con turret
    • Lazarus2 Lazarus
    • Construction Bot1 Con bot
    Army
    • Sentry1 Sentry
    • Rocketeer8 Rocketeer

    Some games also: pawn (48%) · Radar Tower (46%) · centurion (43%) · tick (43%) · energy storage (42%) · eat Bot Lab (31%)

    By 10:00 in all: 6 mex · 21 wind · 1 energy storage · 2 con turret

    The example game in this phase · 139 steps
    1. Wind
    2. GauntletGauntletdone 6:31
    3. Construction BotCon bot
    4. Wind
    5. Construction BotCon bot
    6. Wind
    7. Radar TowerRadar Tower
    8. Converter
    9. CenturionCenturion
    10. Wind
    11. Sneaky PeteSneaky Pete
    12. CenturionCenturion
    13. Wind ×4
    14. Radar TowerRadar Tower
    15. Wind
    16. Converter
    17. PawnPawn
    18. Con turret
    19. PawnPawn
    20. Wind
    21. PawnPawn
    22. Wind
    23. PawnPawn
    24. Wind
    25. PawnPawn
    26. Wind
    27. Dragon's ClawDragon's Claw
    28. Wind ×4
    29. Converter
    30. Wind ×4
    31. CenturionCenturion
    32. Wind ×2
    33. Con turret
    34. Radar TowerRadar Tower
    35. CenturionCenturion
    36. Wind
    37. Converter
    38. LazarusLazarus
    39. CenturionCenturion
    40. LazarusLazarus
    41. Wind ×2
    42. LazarusLazarus
    43. BeamerBeamer
    44. Wind ×2
    45. CenturionCenturion
    46. Wind
    47. BeamerBeamer
    48. Wind
    49. LazarusLazarus
    50. Wind
    51. PawnPawn
    52. Wind
    53. Converter
    54. PawnPawn
    55. Wind
    56. PawnPawn
    57. Con turret
    58. Converter
    59. PawnPawn
    60. Converter
    61. LazarusLazarus ×2
    62. Converter
    63. Con turret
    64. LazarusLazarus
    65. PawnPawn
    66. Converter
    67. PawnPawn ×3
    68. Converter
    69. PawnPawn ×4
    70. Converter
    71. GauntletGauntlet
    72. PawnPawn ×3
    73. Converter
    74. PawnPawn ×3
    75. Converter
    76. PawnPawn ×3
    77. Bot LabBot Labdone 12:09
    78. PawnPawn
    79. LazarusLazarus
    80. Converter
    81. LazarusLazarus
    82. PawnPawn
    83. LazarusLazarus
    84. Converter
    85. PawnPawn ×4
    86. Construction BotCon bot
    87. PawnPawn
    88. Wind
    89. PawnPawn
    90. TickTick ×2
    91. Wind
    92. TickTick
    93. PawnPawn
    94. BeamerBeamer
    95. TickTick
    96. Wind
    97. TickTick ×2
    98. Construction BotCon bot
    99. PawnPawn
    100. Wind
    101. Construction BotCon bot ×2
    102. TickTick
    103. Construction BotCon bot ×2
    104. TickTick ×2
    105. Wind
    106. PawnPawn
    107. Wind
    108. TickTick ×2
    109. LazarusLazarus
    110. Wind ×2
    111. LazarusLazarus
    112. Converter
    113. LazarusLazarus
    114. TickTick
    115. PawnPawn
    116. BeamerBeamer ×2
    117. LazarusLazarus
    118. Wind ×2
    119. LazarusLazarus
    120. Wind
    121. LazarusLazarus
    122. SentrySentry
    123. Radar TowerRadar Tower
    124. Wind
    125. TickTick ×2
    126. Wind ×2
    127. LazarusLazarus
    128. Wind
    129. Advanced Metal ExtractorT2 mexnot finished by 15:00
    130. TickTick
    131. Wind
    132. PawnPawn
    133. Converter
    134. TickTick
    135. Wind
    136. LazarusLazarus
    137. Bot LabEat Bot Labreclaimed for its metal
    138. Wind ×9
    139. Converter

Counts are medians over the build's games: half of them build more, half fewer. The example game is 13litz's (30 OS, 23/08/2026); pick another.

Team trades

IN AT LEAST 30% OF ITS GAMES

You hand over

Nothing regular.

You get

  • Tidal Generator4 Tidal from Pondfirst at 0:11 · in 68% of games
  • Advanced Construction Bot1 T2 con bot from Geo or Techfirst at 7:44 · in 57% of games

How it plays out

Typical game of this build, running totals by minute

Metal produced

010k20k
0:005:0010:0015:00

metal

Enemy metal destroyed

05k10k
0:005:0010:0015:00

metal

Own metal lost

05k10k
0:005:0010:0015:00

metal

2554 games.

Show as table
ByMetal produced: This buildEnemy metal destroyed: This buildOwn metal lost: This build
1:0023000
2:0088700
3:002005191130
4:003107645505
5:0041861353992
6:00535021941688
7:00654530602565
8:00774939383460
9:00902647064349
10:001037253195134
11:001183958725911
12:001352064276643
13:001533668897408
14:001722575128186
15:001916181368968
WHAT THE NUMBERS SAY

Standard Suicide front play wins a bit over half its games while taking the heaviest own losses of any role by 15:00.

  • + Produces 20142 metal by 15:00, highest of the front roles.
  • + First kill by 2:01 in all games, fastest contest of middle.
  • − Own metal lost hits 9178 by 15:00, more than enemy metal destroyed.
  • − Only 34% Rocketeer share shows army spread thin across many bot types.
THE EXAMPLE YOU ARE READING

13litz

30.4 OS · 23/08/2026

Open source match ↗

30 received units · includes a constructor
90 metal received · 19399 energy received

Allied construction assistance is unknown. Timings are observations, not a promise of solo reproducibility.

Typical milestones

Bot Lab0:26Middle 50%: 0:20–0:33 · n=2546
Advanced Metal Extractor9:48Middle 50%: 8:51–11:00 · n=1830

Played most by

_X_264games of this buildPlatinumBlonde188games of this buildXad165games of this buildTrapCaT111games of this buildImmort80games of this build
Standard suicide front · Armada Suicide front build order · BAR Build Atlas